 Dungeon Crawl Stone Soup version 0.31-a0-152-g6aa68a64a1 (webtiles) character file.

Game seed: 17566881501779810789

33 qw the Shooter (level 3, -2/31 HPs)
             Began as a Minotaur Hunter on June 9, 2023.
             Slain by a gnoll
             ... wielding a +0 club
              (4 damage)
             ... on level 2 of the Dungeon.
             The game lasted 00:00:20 (714 turns).

qw the Shooter (Minotaur Hunter)                     Turns: 714, Time: 00:00:21

Health: -2/31      AC:  8    Str: 15    XL:     3   Next: 12%
Magic:  2/2        EV: 11    Int:  6    God:
Gold:   86         SH:  0    Dex: 15    Spells: 2/2 levels left

rFire   . . .        Y - +1 shortbow
rCold   . . .        (shield currently unavailable)
rNeg    . . .        n - +0 ring mail
rPois   .            k - +1 hat
rElec   .            (no cloak)
rCorr   +            i - +0 pair of gloves
SInv    .            j - +0 pair of boots
Will    .....        (no amulet)
Stlth   +            d - ring of resist corrosion
HPRegen 0.25/turn    (no ring)
MPRegen 0.08/turn

%: no passive effects
@: no status effects
A: horns 2, retaliatory headbutt
a: no special abilities


You were on level 2 of the Dungeon.
You visited 1 branch of the dungeon, and saw 2 of its levels.

You collected 86 gold pieces.


Innate Abilities, Weirdness & Mutations

You have a pair of horns on your head.
You reflexively headbutt those who attack you in melee.


   Skills:
 - Level 3.0 Fighting
 - Level 5.2 Ranged Weapons
 + Level 0.3 Armour
 - Level 2.1 Dodging
 - Level 0.7 Stealth


You had 2 spell levels left.
You didn't know any spells.
Your spell library was empty.

Inventory:

Hand Weapons
 Y - a +1 shortbow (weapon)
Armour
 i - a +0 pair of gloves (worn)
 j - a +0 pair of boots (worn)
 k - a +1 hat (worn)
 n - a +0 ring mail (worn)
Jewellery
 d - a ring of resist corrosion (left hand)
Potions
 e - a potion of degeneration {unknown}
 g - a potion of enlightenment {unknown}
 h - a potion of curing {unknown}
 l - a potion of brilliance {unknown}

Dungeon Overview and Level Annotations

Branches:
Dungeon (2/15)

Altars:


Message History

The goblin hits you but does no damage.
You shoot an arrow. The arrow hits the goblin!
You kill the goblin!
You open the door.
A gnoll comes into view. It is wielding a +0 club.
The gnoll shouts!
You hear a shout! x2
The gnoll moves out of view.
You hear a shout!
There is an open door here. 2 gnolls and an endoplasm come into view.
The gnoll shouts!
You shoot an arrow. The arrow barely misses the gnoll.
The endoplasm quivers.
The gnoll hits you from afar with a +0 spear.
The gnoll closely misses you.
You shoot an arrow. The arrow closely misses the gnoll.
The gnoll hits you with a +0 club.
The gnoll hits you from afar with a +0 spear.
A gnoll comes into view. It is wielding a +0 spear.
You shoot an arrow. The arrow hits the gnoll.
The gnoll is moderately wounded.
The gnoll misses you. The endoplasm freezes you.
You are frozen.
The gnoll closely misses you. The gnoll hits you but does no damage.
You shoot an arrow. The arrow completely misses the gnoll.
The gnoll hits you with a +0 club. The endoplasm freezes you.
You are frozen.
The gnoll barely misses you. The gnoll misses you.
You shoot an arrow. The arrow barely misses the gnoll.
The gnoll barely misses you.
The endoplasm hits you but does no damage.
The gnoll barely misses you. The gnoll hits you but does no damage.
The gnoll barely misses you. The endoplasm freezes you.
You are frozen.
The gnoll hits you with a +0 club. The gnoll closely misses you.
You shoot an arrow. The arrow hits the gnoll!
The gnoll is almost dead.
The gnoll hits you with a +0 club.
You die...

##### #....
#.....
#....g####
###
#....gJ@.#
#.#
#....g#g##
#.# #....
#.######.##
#...
#.........#
#..
########..#
#.
#.....)...#
.
#.#####...#
###.#.#
#...#
...#.#
#...#


You could see 4 gnolls and an endoplasm.

Vanquished Creatures
  2 endoplasms (D:1)
  4 giant cockroaches (D:1)
  2 goblins
  A hobgoblin (D:1)
  5 jackals (D:1)
  4 quokkas
  A ball python (D:1)
  5 bats (D:1)
  3 frilled lizards (D:1)
  A kobold (D:1)
  A rat (D:1)
29 creatures vanquished.

Notes
Turn   | Place    | Note
-------+----------+-------------------------------------------
     0 | D:1      | qw the Minotaur Hunter began the quest for the Orb.
     0 | D:1      | Reached XP level 1. HP: 18/18 MP: 0/0
     0 | D:1      | 0 ||| qw: Version: 0.2-a-122-gbc61b45
     0 | D:1      | 0 ||| qw: Game counter: 3325
     0 | D:1      | 0 ||| qw: Always use a shield: true
     0 | D:1      | 0 ||| qw: God list: Okawaru
     0 | D:1      | 0 ||| qw: Allow faded altars: false
     0 | D:1      | 0 ||| qw: Do Orc after D:15 true
     0 | D:1      | 0 ||| qw: Do second Lair branch before Depths: true
     0 | D:1      | 0 ||| qw: Lair rune preference: random
     0 | D:1      | 0 ||| qw: Plans: Normal
     0 | D:1      | 0 ||| PLANNING D:1-11
    74 | D:1      | Reached XP level 2. HP: 25/25 MP: 1/1
    91 | D:1      | Reached skill level 5 in Ranged Weapons
   150 | D:1      | Reached skill level 3 in Fighting
   297 | D:1      | Reached XP level 3. HP: 31/31 MP: 2/2
   496 | D:1      | 496 ||| UPGRADING to +0 pair of gloves.
   501 | D:1      | 501 ||| UPGRADING to +0 pair of boots.
   506 | D:1      | 506 ||| UPGRADING to +1 hat.
   511 | D:1      | 511 ||| UPGRADING to +0 ring mail.
   521 | D:1      | 521 ||| DROPPING +0 leather armour.
   522 | D:1      | 522 ||| UPGRADING to ring of resist corrosion.
   523 | D:1      | 523 ||| READING scroll labelled DIUDUAR PESTA.
   524 | D:1      | 524 ||| READING 2 scrolls labelled PUKKISMEKLA.
   625 | D:1      | 625 ||| DROPPING scroll of butterflies.
   626 | D:1      | 626 ||| DROPPING scroll of silence.
   712 | D:2      | HP: 7/31 [gnoll/+0 club (6)]
   713 | D:2      | HP: 3/31 [frozen (3)]
   714 | D:2      | Slain by a gnoll

Levels and vault maps discovered:
D:1:      dpeg_arrival_court, layout_rooms, minmay_pentomino_r4
D:2:      layout_basic, basic_ecumenical_altar, uniq_crazy_yiuf_cottage

Skill      XL: |  1  2 |
---------------+-------+-----
Ranged Weapons | 5 |  5.2
Fighting       | 3 |  3.0
Armour         | |  0.3
Dodging        | |  2.1
Stealth        | |  0.7

Action                     || total
---------------------------++-------
   Fire: Shortbow          ||    82
    Use: Scroll            ||     2
 Armour: Leather armour    ||    15
         Ring mail         ||     4
  Dodge: Dodged            ||    24

Table legend:
 A = Non-vault XP
 B = Vault XP
 C = Vault XP percentage of total XP
 D = Non-vault monster count
 E = Vault monster count
 F = Vault count percentage of total count
                 A         B        C        D         E       F
            +---------+---------+-------+---------+---------+-------
      Total |      46 |       2 |   4.2 |      28 |       1 |   3.4
            +---------+---------+-------+---------+---------+-------
        D:1 |      42 |       2 |   4.5 |      26 |       1 |   3.7
        D:2 |       4 |       0 |   0.0 |       2 |       0 |   0.0
            +---------+---------+-------+---------+---------+-------
